 Dungeon Crawl Stone Soup version 0.31-a0-978-g1e143483b6 (console) character file.

Game seed: 639106291004509783

7135 jejorda2 the Cleaver (level 11, -5/133 HPs)
             Began as a Gnoll Berserker on Oct 31, 2023.
             Was an Elder of Trog.
             Slain by a sixfirhy (11 damage)
             ... on level 9 of the Dungeon.
             The game lasted 00:18:11 (8241 turns).

jejorda2 the Cleaver (Gnoll Berserker)              Turns: 8241, Time: 00:18:13

Health: -5/133     AC: 18    Str: 26    XL:     11   Next: 10%
Magic:  20/20      EV: 10    Int:  7    God:    Trog [****..]
Gold:   452        SH:  5    Dex: 12    Spells: 22/22 levels left

rFire   . . .        a - +0 battleaxe
rCold   . . .        (shield currently unavailable)
rNeg    . . .        d - +0 plate armour
rPois   .            h - +0 helmet
rElec   .            x - +0 cloak
rCorr   .            (no gloves)
SInv    .            f - +1 pair of boots
Will    ++...        m - amulet of reflection Stlth
                     i - ring of flight
HPRegen 1.42/turn    v - +6 ring of strength
MPRegen 0.17/turn

%: reflection
@: berserking (expiring), strong-willed, flying, regenerating, very quick
A: fangs 1, strong nose, distributed training
a: Renounce Religion, Berserk, Trog's Hand, Brothers in Arms


You were on level 9 of the Dungeon.
You worshipped Trog.
Trog was greatly pleased with you.
You visited 1 branch of the dungeon, and saw 9 of its levels.
You also visited: Sewer.

You collected 452 gold pieces.

Inventory:

Hand Weapons
 a - a +0 battleaxe (weapon)
 b - a +3 dire flail
Missiles
 j - 16 boomerangs
 k - 21 poisoned darts (quivered)
 p - 6 javelins
Armour
 d - a +0 plate armour (worn)
 f - a +1 pair of boots (worn)
 h - a +0 helmet (worn)
 x - a +0 cloak (worn)
 y - a +0 chain mail of cold resistance
Jewellery
 i - a ring of flight (left hand)
 m - an amulet of reflection (around neck)
 v - a +6 ring of strength (right hand)
Wands
 o - a wand of polymorph (9)
 B - a wand of roots (7)
 D - a wand of paralysis (12)
Scrolls
 c - 5 scrolls of revelation
 l - 2 scrolls of poison
 s - 3 scrolls of blinking
 z - a scroll of immolation
 C - 3 scrolls of teleportation
Potions
 e - 3 potions of curing
 g - 2 potions of might
 n - 4 potions of attraction
 q - a potion of lignification
 r - 2 potions of ambrosia
 t - a potion of enlightenment {unknown}
 u - a potion of mutation
 w - 2 potions of haste
 A - 2 potions of heal wounds


   Skills:
 + Level 9.0 Fighting
 + Level 6.1 Short Blades
 + Level 6.1 Long Blades
 + Level 9.0 Axes
 + Level 6.1 Maces & Flails
 + Level 6.1 Polearms
 + Level 6.1 Staves
 + Level 6.1 Ranged Weapons
 + Level 6.1 Throwing
 + Level 7.7 Armour
 + Level 7.7 Dodging
 + Level 6.1 Stealth
 + Level 6.1 Shields
 + Level 6.1 Unarmed Combat
 + Level 6.1 Spellcasting
 + Level 5.0 Conjurations
 + Level 5.0 Hexes
 + Level 5.0 Summonings
 + Level 5.0 Necromancy
 + Level 5.0 Translocations
 + Level 5.0 Transmutations
 + Level 5.0 Fire Magic
 + Level 5.0 Ice Magic
 + Level 5.0 Air Magic
 + Level 5.0 Earth Magic
 + Level 5.0 Poison Magic
 + Level 6.6 Invocations
 + Level 6.1 Evocations
 + Level 5.5 Shapeshifting


You had 22 spell levels left.
You didn't know any spells.
Your spell library was empty.

Dungeon Overview and Level Annotations

Branches:
Dungeon (9/15)             Temple (0/1) D:7           Sewer (visited)
   Lair: D:8-11         Orc: D:9-12

Altars:
Gozag
Makhleb

Shops:
D:5 *


Innate Abilities, Weirdness & Mutations

You have very sharp teeth.
Your uncanny sense of smell can sniff out nearby items.
Your experience applies equally to all skills.


Message History

You miss the sixfirhy. Your bite misses the sixfirhy.
The sixfirhy is moderately wounded.
You barely miss the killer bee. You slice the killer bee!!
You kill the killer bee!
Trog accepts your kill. The sixfirhy hits you. The sixfirhy shocks you!
The sixfirhy hits you. The sixfirhy shocks you!
The killer bee stings you but does no damage.
The sixfirhy hits you! The sixfirhy shocks you!
The killer bee barely misses you.
You barely miss the sixfirhy. Your bite misses the sixfirhy.
The sixfirhy is lightly wounded.
You miss the killer bee. The sixfirhy hits you. The sixfirhy shocks you!
* * * LOW HITPOINT WARNING * * *
The sixfirhy hits you.
* * * LOW HITPOINT WARNING * * *
The sixfirhy shocks you!
* * * LOW HITPOINT WARNING * * *
The sixfirhy barely misses you.
The killer bee stings you but does no damage.
You miss the sixfirhy. Your bite misses the sixfirhy.
The sixfirhy is lightly wounded.
You slash the killer bee! The killer bee closely misses you.
You block the killer bee's attack.
Unknown command.
You closely miss the sixfirhy.
The sixfirhy is lightly wounded.
You closely miss the killer bee.
The killer bee stings you but does no damage.
The killer bee stings you.
* * * LOW HITPOINT WARNING * * *
Unknown command.
You miss the sixfirhy.
The sixfirhy is lightly wounded.
You miss the killer bee. The sixfirhy hits you.
* * * LOW HITPOINT WARNING * * *
The sixfirhy shocks you!
* * * LOW HITPOINT WARNING * * *
The killer bee closely misses you. The sixfirhy hits you!
You die...

###...........#####.....
.......####......# #'##.
.......'..'......+ ..#
.......#..#......# .#
.......#..#......# #
#+######..#......#
#...#......'.
#††.#.)..P....
#@y.#......♣..
##3.#....P♣. #..# ...#
...# ..# ∆ ~.. ≈~~


You could see a sixfirhy and a killer bee.

Vanquished Creatures
  A soul eater (D:9)
  Pikel (D:4)
  Maurice (D:8)
  Joseph (D:8)
  Psyche (D:8)
  A troll (D:5)
  A wyvern (D:8)
  5 yaks (D:8)
  An acid dragon (D:9)
  2 water moccasins (D:6)
  3 ice beasts
  2 orc warriors
  2 sky beasts
  2 black bears
  An ogre (D:5)
  A lemure (D:4)
  3 kobold brigands
  4 bullfrogs
  3 scorpions
  10 wights (D:7)
  13 killer bees
  3 howler monkeys (D:8)
  A hound (D:6)
  2 jellies
  2 gnoll boudas
  6 orc priests
  Jessica (D:3)
  2 iguanas
  Natasha (D:3)
  6 orc wizards
  Robin (D:4)
  10 gnolls
  14 adders
  2 white imps
  4 ufetubi
  A worm (D:2)
  5 dart slugs
  28 orcs
  14 ball pythons
  3 endoplasms
  6 giant cockroaches
  13 goblins
  13 hobgoblins
  6 jackals (D:1)
  23 kobolds
  5 quokkas
  5 bats
  14 frilled lizards
  8 rats
258 creatures vanquished.

Notes
Turn   | Place    | Note
-------+----------+-------------------------------------------
     0 | D:1      | jejorda2 the Gnoll Berserker began the quest for the Orb.
     0 | D:1      | Reached XP level 1. HP: 23/23 MP: 1/1
    85 | D:1      | Reached XP level 2. HP: 20/29 MP: 2/2
   340 | D:1      | Reached XP level 3. HP: 33/35 MP: 3/3
   422 | D:1      | Reached ** piety under Trog
   721 | D:1      | Reached skill level 1 in Invocations
  1311 | D:2      | Reached skill level 1 in Short Blades
  1311 | D:2      | Reached skill level 1 in Long Blades
  1311 | D:2      | Reached skill level 1 in Maces & Flails
  1311 | D:2      | Reached skill level 1 in Polearms
  1311 | D:2      | Reached skill level 1 in Staves
  1311 | D:2      | Reached skill level 1 in Ranged Weapons
  1311 | D:2      | Reached skill level 1 in Throwing
  1311 | D:2      | Reached skill level 1 in Stealth
  1311 | D:2      | Reached skill level 1 in Shields
  1311 | D:2      | Reached skill level 1 in Unarmed Combat
  1311 | D:2      | Reached skill level 1 in Spellcasting
  1311 | D:2      | Reached skill level 1 in Evocations
  1371 | D:2      | Reached skill level 1 in Shapeshifting
  1371 | D:2      | Reached XP level 4. HP: 41/41 MP: 5/5
  1922 | D:3      | Found a glowing drain.
  1938 | D:3      | Reached skill level 1 in Conjurations
  1938 | D:3      | Reached skill level 1 in Hexes
  1938 | D:3      | Reached skill level 1 in Summonings
  1938 | D:3      | Reached skill level 1 in Necromancy
  1938 | D:3      | Reached skill level 1 in Translocations
  1938 | D:3      | Reached skill level 1 in Transmutations
  1938 | D:3      | Reached skill level 1 in Fire Magic
  1938 | D:3      | Reached skill level 1 in Ice Magic
  1938 | D:3      | Reached skill level 1 in Air Magic
  1938 | D:3      | Reached skill level 1 in Earth Magic
  1938 | D:3      | Reached skill level 1 in Poison Magic
  1960 | Sewer    | Entered a sewer
  2007 | Sewer    | Noticed a bullfrog
  2007 | Sewer    | Noticed a bullfrog
  2016 | Sewer    | Killed a bullfrog
  2017 | Sewer    | Reached XP level 5. HP: 47/47 MP: 5/7
  2018 | Sewer    | Reached XP level 6. HP: 53/53 MP: 5/8
  2224 | D:3      | Reached *** piety under Trog
  2395 | D:3      | Found a burning altar of Makhleb.
  2463 | D:3      | Reached skill level 5 in Armour
  2463 | D:3      | Reached skill level 5 in Dodging
  2641 | D:3      | Noticed Jessica
  2644 | D:3      | Killed Jessica
  2718 | D:3      | Noticed Natasha
  2725 | D:3      | Killed Natasha
  3119 | D:4      | Noticed Robin
  3132 | D:4      | Killed Robin
  3250 | D:4      | Noticed an orc warrior
  3259 | D:4      | Reached XP level 7. HP: 59/59 MP: 10/10
  3301 | D:4      | Noticed Pikel
  3317 | D:4      | Killed Pikel
  3318 | D:4      | Reached XP level 8. HP: 67/67 MP: 10/12
  3785 | D:4      | Found an opulent altar of Gozag.
  3869 | D:5      | Entered Level 5 of the Dungeon
  4038 | D:5      | Noticed a troll
  4052 | D:5      | Killed a troll
  4193 | D:5      | Reached XP level 9. HP: 67/73 MP: 14/14
  4204 | D:5      | Reached **** piety under Trog
  4616 | D:5      | Found Hiengir's Serpentskin Sales.
  5149 | D:6      | Reached skill level 5 in Invocations
  5854 | D:7      | Reached XP level 10. HP: 80/80 MP: 17/17
  5916 | D:7      | Reached skill level 5 in Short Blades
  5916 | D:7      | Reached skill level 5 in Long Blades
  5916 | D:7      | Reached skill level 5 in Maces & Flails
  5916 | D:7      | Reached skill level 5 in Polearms
  5916 | D:7      | Reached skill level 5 in Staves
  5916 | D:7      | Reached skill level 5 in Ranged Weapons
  5916 | D:7      | Reached skill level 5 in Throwing
  5916 | D:7      | Reached skill level 5 in Stealth
  5916 | D:7      | Reached skill level 5 in Shields
  5916 | D:7      | Reached skill level 5 in Unarmed Combat
  5916 | D:7      | Reached skill level 5 in Spellcasting
  5916 | D:7      | Reached skill level 5 in Evocations
  5919 | D:7      | Found a staircase to the Ecumenical Temple.
  6778 | D:8      | Noticed Maurice
  6836 | D:8      | Something stole a +3 dire flail
  6841 | D:8      | Something stole 369 gold
  6846 | D:8      | Something stole 16 boomerangs
  6869 | D:8      | Killed Maurice
  7128 | D:8      | Noticed Psyche
  7138 | D:8      | Killed Psyche
  7139 | D:8      | Reached skill level 5 in Shapeshifting
  7546 | D:8      | Noticed Joseph
  7564 | D:8      | Killed Joseph
  8148 | D:9      | Noticed a soul eater
  8164 | D:9      | Killed a soul eater
  8165 | D:9      | Reached skill level 5 in Conjurations
  8165 | D:9      | Reached skill level 5 in Hexes
  8165 | D:9      | Reached skill level 5 in Summonings
  8165 | D:9      | Reached skill level 5 in Necromancy
  8165 | D:9      | Reached skill level 5 in Translocations
  8165 | D:9      | Reached skill level 5 in Transmutations
  8165 | D:9      | Reached skill level 5 in Fire Magic
  8165 | D:9      | Reached skill level 5 in Ice Magic
  8165 | D:9      | Reached skill level 5 in Air Magic
  8165 | D:9      | Reached skill level 5 in Earth Magic
  8165 | D:9      | Reached skill level 5 in Poison Magic
  8165 | D:9      | Reached XP level 11. HP: 89/89 MP: 18/20
  8227 | D:9      | Noticed a sixfirhy
  8241 | D:9      | HP: 6/133 [sixfirhy (11)]
  8241 | D:9      | Slain by a sixfirhy

Illustrated notes

Levels and vault maps discovered:
D:1:      nzn_arrival_depleted_hourglass, layout_basic, nrook_mini_vaults
D:2:      layout_basic, chequers_arboretum, minmay_misc_feat_five,
          minmay_misc_feat_tower
D:3:      layout_loops_cross, lemuel_doored_altar,
          mainiacjoe_sewer_entry_somewhere_in_here_2, minmay_snake_closets,
          uniq_jessica, uniq_natasha
D:4:      layout_basic, nicolae_gozag_cash_rules_everything_around_me,
          uniq_pikel, uniq_robin
D:5:      kennysheep_big_flooded_room, layout_basic, guppyfry_shop_venom
D:6:      layout_basic
D:7:      layout_basic, minmay_temple_entry_steel_oval
D:8:      layout_basic, grunt_decor_junction, hangedman_decor_peaks_small,
          due_unseen_surprise, uniq_maurice, uniq_joseph, uniq_psyche
D:9:      layout_gridville, gammafunk_ghost_necromancy, serial_demonic,
          serial_demonic_c, serial_demonic_c, serial_demonic_a,
          serial_demonic_c, serial_shops, nicolae_diamond_shop,
          nicolae_rank_and_phial

Skill      XL: |  1  2  3  4  5  6  7  8  9 10 |
---------------+-------------------------------+-----
Invocations    | 1 2 3 4 5 6 |  6.6
Short Blades   | 1 2 3 4 6 |  6.1
Long Blades    | 1 2 3 4 6 |  6.1
Maces & Flails | 1 2 3 4 6 |  6.1
Polearms       | 1 2 3 4 6 |  6.1
Staves         | 1 2 3 4 6 |  6.1
Ranged Weapons | 1 2 3 4 6 |  6.1
Throwing       | 1 2 3 4 6 |  6.1
Stealth        | 1 2 3 4 6 |  6.1
Shields        | 1 2 3 4 6 |  6.1
Unarmed Combat | 1 2 3 4 6 |  6.1
Spellcasting   | 1 2 3 4 6 |  6.1
Evocations     | 1 2 3 4 6 |  6.1
Shapeshifting  | 1 2 3 4 5 |  5.5
Conjurations   | 1 2 3 4 5 |  5.0
Hexes          | 1 2 3 4 5 |  5.0
Summonings     | 1 2 3 4 5 |  5.0
Necromancy     | 1 2 3 4 5 |  5.0
Translocations | 1 2 3 4 5 |  5.0
Transmutations | 1 2 3 4 5 |  5.0
Fire Magic     | 1 2 3 4 5 |  5.0
Ice Magic      | 1 2 3 4 5 |  5.0
Air Magic      | 1 2 3 4 5 |  5.0
Earth Magic    | 1 2 3 4 5 |  5.0
Poison Magic   | 1 2 3 4 5 |  5.0
Armour         | 5 6 7 |  7.7
Dodging        | 5 6 7 |  7.7
Fighting       | 7 8 9 |  9.0
Axes           | 7 8 9 |  9.0

Action                     |  1- 3 |  4- 6 |  7- 9 | 10-12 || total
---------------------------+-------+-------+-------+-------++-------
  Melee: Hand axe          |   139 |    80 |       |       ||   219
         Bite              |    17 |    19 |    28 |    17 ||    81
         Punch             |     1 |     4 |     1 |       ||     6
         War axe           |       |   127 |   239 |    24 ||   390
         Dire flail        |       |       |       |   114 ||   114
         Battleaxe         |       |       |       |    59 ||    59
         Unarmed           |       |       |       |    11 ||    11
  Throw: Dart              |       |       |    10 |     1 ||    11
 Invoke: Berserk           |     1 |     4 |     8 |     7 ||    20
         Trog's Hand       |       |     1 |       |     4 ||     5
    Use: Scroll            |       |    11 |     3 |     3 ||    17
         Potion            |       |       |       |     3 ||     3
   Stab: Sleeping          |     1 |     6 |       |       ||     7
 Armour: Animal skin       |    40 |       |       |       ||    40
         Leather armour    |    23 |   101 |     4 |       ||   128
         Plate armour      |       |       |   234 |   188 ||   422
         Skin              |       |       |       |     3 ||     3
  Dodge: Dodged            |    85 |   134 |   117 |    83 ||   419
  Block: Buckler           |       |       |    54 |     4 ||    58
         Other             |       |       |       |    40 ||    40

Table legend: (Time is in decaauts)
 A = Elapsed time spent in this place.
 B = Non-inter-level travel time spent in this place.
 C = Inter-level travel time spent in this place.
 D = Time resting spent in this place.
 E = Time spent auto-exploring this place.
 F = Levels seen in this place.
 G = Mean time per level.
                   A        B        C        D        E       F      G
               +--------+--------+--------+--------+--------+-----+--------+
         Total |   8437 |   8115 |    322 |    738 |   5601 |  10 |  843.7 |
       Dungeon |   8177 |   7855 |    322 |    676 |   5532 |   9 |  908.6 |
         Sewer |    260 |    260 |      0 |     61 |     69 |   1 |  260.0 |
               +--------+--------+--------+--------+--------+-----+--------+

Top non-repeatable levels by time:
     D:8: 1382 daAuts
     D:7: 1199 daAuts
     D:1: 1186 daAuts
     D:3: 1026 daAuts
     D:6: 936 daAuts
     D:5: 801 daAuts
     D:4: 798 daAuts
     D:2: 684 daAuts
   Sewer: 260 daAuts
     D:9: 162 daAuts
